 Dungeon Crawl Stone Soup version 0.30-a0-862-g1aabd4f9c5 (console) character file.

Game seed: 3857199795732323509

478 jejorda2 the Poker (level 7, -5/56 HPs)
             Began as a Merfolk Berserker on Mar 8, 2023.
             Was a Believer of Trog.
             Slain by an orc
             ... wielding a +0 flail
              (7 damage)
             ... on level 4 of the Dungeon.
             The game lasted 00:04:38 (3115 turns).

jejorda2 the Poker (Merfolk Berserker)              Turns: 3115, Time: 00:04:40

Health: -5/56      AC:  5    Str: 19    XL:     7   Next: 11%
Magic:  7/7        EV: 12    Int:  7    God:    Trog [**....]
Gold:   239        SH:  0    Dex: 13    Spells: 6/6 levels left

rFire   . . .      SeeInvis +    a - +0 spear
rCold   . . .      Faith    .    (no shield)
rNeg    . . .      Spirit   .    t - +0 leather armour
rPois   .          Reflect  .    f - +0 helmet
rElec   .          Rampage  .    r - +0 cloak
rCorr   .                        (no gloves)
Will    ++...                    (no boots)
Stlth   +                        (no amulet)
HPRegen 1.29/turn                k - ring of see invisible
MPRegen 0.10/turn                (no ring)

@: strong-willed (expiring), on berserk cooldown, regenerating (expiring),
slowed, very slow
A: (nimble swimmer 2), mertail
a: Renounce Religion, Berserk, Trog's Hand


You were on level 4 of the Dungeon.
You worshipped Trog.
Trog was pleased with you.
You visited 1 branch of the dungeon, and saw 4 of its levels.

You collected 239 gold pieces.

Inventory:

Hand Weapons
 a - a +0 spear (weapon)
Missiles
 c - 24 stones (quivered)
 g - 5 atropa-tipped darts
Armour
 f - a +0 helmet (worn)
 r - a +0 cloak (worn)
 t - a +0 leather armour (worn)
Jewellery
 k - a ring of see invisible (left hand)
Scrolls
 b - 2 scrolls of fog {unknown}
 d - 6 scrolls of identify {unknown}
 h - a scroll of acquirement {unknown}
 i - 2 scrolls of amnesia {unknown}
 j - 2 scrolls of poison {unknown}
 l - a scroll of magic mapping {unknown}
 m - 3 scrolls of teleportation {unknown}
 o - a scroll of enchant weapon {unknown}
 p - a scroll of blinking {unknown}
Potions
 e - 2 potions of curing {unknown}
 n - a potion of might {unknown}
 q - a potion of haste {unknown}
 s - a potion of brilliance {unknown}
 u - a potion of mutation {unknown}


   Skills:
 + Level 5.1 Fighting
 * Level 7.8 Polearms
 + Level 2.9 Armour
 - Level 2.6 Dodging


You had 6 spell levels left.
You didn't know any spells.
Your spell library was empty.

Dungeon Overview and Level Annotations

Branches:
Dungeon (4/15)             Temple (0/1) D:4

Altars:
Trog

Annotations:
D:4 Sigmund


Innate Abilities, Weirdness & Mutations

((You are very nimble when in or above water. (Stealth+, EV+, Speed+++)))
Your lower body shifts to a powerful aquatic tail in water.


Message History

The centaur closely misses you.
The centaur kicks you but does no damage.
You hit the orc wizard.
The orc wizard is moderately wounded.
You barely miss the centaur.
The centaur is moderately wounded.
The centaur hits you.
* * * LOW HITPOINT WARNING * * *
The centaur misses you.
The orc wizard hits you with a +0 dagger.
* * * LOW HITPOINT WARNING * * *
You puncture the centaur!
The centaur is severely wounded.
The centaur hits you.
* * * LOW HITPOINT WARNING * * *
The centaur closely misses you.
You barely miss the centaur.
The centaur is severely wounded.
You feel the effects of Trog's Hand fading.
The orc wizard closely misses you.
You puncture the centaur!
You kill the centaur!
Trog accepts your kill.
You have reached level 7!
You closely miss the adder.
The orc wizard hits you but does no damage.
The orc hits you with a +0 flail.
* * * LOW HITPOINT WARNING * * *
You puncture the adder!
The adder is almost dead.
The adder barely misses you.
You closely miss the orc wizard.
The orc wizard is moderately wounded.
You hit the orc wizard.
The orc wizard is heavily wounded.
You are no longer berserk.
You are exhausted.
You feel yourself slow down. The orc wizard completely misses you.
The orc hits you with a +0 flail!
You die...

##... ########....
###.#...#.....
#.#...........
##........8⌠...
#..............
#.........8⌠.>. ###
####..##.......... ##...
#@..#........8⌠...
......#oo.##..........#)
......SJ..............#.
.....@...#.....#......##
##....#.....##.#....).##
###.......##..#........
......#...............
.......#...............
........................


You could see Sigmund, an orc wizard, an adder, an orc and an endoplasm.

Vanquished Creatures
  Grinder (D:4)
  A centaur (D:4)
  A scorpion (D:4)
  5 adders
  2 worms
  2 dart slugs (D:1)
  5 orcs
  10 bats
  6 endoplasms
  7 giant cockroaches
  8 hobgoblins
  2 jackals (D:1)
  5 kobolds
  2 quokkas
  7 ball pythons
  3 frilled lizards
  5 goblins
  6 rats
78 creatures vanquished.

Notes
Turn   | Place    | Note
-------+----------+-------------------------------------------
     0 | D:1      | jejorda2 the Merfolk Berserker began the quest for the Orb.
     0 | D:1      | Reached XP level 1. HP: 18/18 MP: 1/1
   119 | D:1      | Reached XP level 2. HP: 19/24 MP: 2/2
   469 | D:1      | Reached XP level 3. HP: 29/29 MP: 3/3
   949 | D:2      | Reached skill level 5 in Polearms
  1026 | D:2      | Found a bloodstained altar of Trog.
  1196 | D:2      | Reached XP level 4. HP: 37/37 MP: 4/4
  1246 | D:2      | Reached ** piety under Trog
  2721 | D:4      | Noticed a scorpion
  2727 | D:4      | Killed a scorpion
  2728 | D:4      | Reached skill level 6 in Polearms
  2728 | D:4      | Reached XP level 5. HP: 43/43 MP: 5/5
  2935 | D:4      | Found a staircase to the Ecumenical Temple.
  3034 | D:4      | Noticed Grinder
  3045 | D:4      | Killed Grinder
  3046 | D:4      | Reached skill level 5 in Fighting
  3046 | D:4      | Reached skill level 7 in Polearms
  3046 | D:4      | Reached XP level 6. HP: 51/51 MP: 6/6
  3099 | D:4      | Noticed Sigmund
  3111 | D:4      | Reached XP level 7. HP: 6/56 MP: 7/7
  3111 | D:4      | HP: 1/84 [orc/+0 flail (6)]
  3115 | D:4      | Slain by an orc

Illustrated notes

Levels and vault maps discovered:
D:1:      dpeg_arrival_prison, layout_loops_ring
D:2:      minmay_spotlight, layout_basic, basic_altar, minmay_pentomino_p2
D:3:      layout_basic, patterned_corridor
D:4:      layout_cave_pools, minmay_temple_entry_drinking_statues, uniq_edmund,
          uniq_grinder, uniq_sigmund

Skill      XL: |  1  2  3  4  5 |
---------------+----------------+-----
Polearms       | 5 6 7 |  7.8
Fighting       | 4 5 |  5.1
Armour         | 2 |  2.9
Dodging        | |  2.6

Action                     |  1- 3 |  4- 6 |  7- 9 || total
---------------------------+-------+-------+-------++-------
  Melee: Spear             |   141 |   148 |     4 ||   293
         Punch             |     1 |     1 |       ||     2
  Throw: Stone             |     3 |       |       ||     3
 Invoke: Berserk           |     2 |     3 |       ||     5
         Trog's Hand       |       |     2 |       ||     2
   Stab: Sleeping          |     6 |       |       ||     6
         Distracted        |     1 |       |       ||     1
 Armour: Animal skin       |    16 |     9 |       ||    25
         Leather armour    |       |     4 |     1 ||     5
  Dodge: Dodged            |    48 |    61 |     2 ||   111

Table legend: (Time is in decaauts)
 A = Elapsed time spent in this place.
 B = Non-inter-level travel time spent in this place.
 C = Inter-level travel time spent in this place.
 D = Time resting spent in this place.
 E = Time spent auto-exploring this place.
 F = Levels seen in this place.
 G = Mean time per level.
                   A        B        C        D        E       F      G
               +--------+--------+--------+--------+--------+-----+--------+
         Total |   3087 |   2948 |    139 |    211 |   2230 |   4 |  771.8 |
       Dungeon |   3087 |   2948 |    139 |    211 |   2230 |   4 |  771.8 |
               +--------+--------+--------+--------+--------+-----+--------+

Top non-repeatable levels by time:
     D:3: 1272 daAuts
     D:1: 874 daAuts
     D:2: 689 daAuts
     D:4: 251 daAuts
